 Dungeon Crawl Stone Soup version 0.26-a0-639-g72c4674329 (webtiles) character file.

Game seed: 15226843917875634803

35 pTCGFNYNwU3Fd6TS the Skirmisher (level 3, 24/24 HPs)
             Began as a Gargoyle Berserker on Mar 10, 2020.
             Was a Follower of Trog.
             Quit the game on level 1 of the Dungeon on Dec 1, 2020.
             The game lasted 00:03:36 (1030 turns).

pTCGFNYNwU3Fd6TS the Skirmisher (GrBe)              Turns: 1030, Time: 00:03:37

Health: 24/24      AC:  6    Str: 21    XL:     3   Next: 33%
Magic:  3/3        EV: 12    Int:  7    God:    Trog [*.....]
Gold:   37         SH:  0    Dex:  9    Spells: 2/2 levels left

rFire    . . .     SeeInvis .   a - +0 hand axe
rCold    . . .     Faith    .   (no shield)
rNeg     + . .     Spirit   .   b - +0 animal skin
rPois    ∞         Reflect  .   (no helmet)
rElec    +         Harm     .   (no cloak)
rCorr    .         Rampage  .   e - +0 pair of gloves
MR       .....                  (no boots)
Stlth    +.........             (no amulet)
HPRegen  0.08/turn              (no ring)
MPRegen  0.08/turn              (no ring)

@: no status effects
A: negative energy resistance 1, electricity resistance, unbreathing,
petrification resistance, rot immunity, AC +3
a: Berserk, Renounce Religion


You were on level 1 of the Dungeon.
You worshipped Trog.
Trog was aware of your devotion.
You visited 1 branch of the dungeon, and saw 1 of its levels.

You collected 37 gold pieces.

Inventory:

Hand Weapons
 a - a +0 hand axe (weapon)
Missiles
 i - 8 javelins (quivered)
Armour
 b - a +0 animal skin (worn)
 e - a +0 pair of gloves (worn)
Scrolls
 g - a scroll of immolation {unknown}
 h - 2 scrolls of teleportation {unknown}
 j - a scroll of amnesia {unknown}
 k - a scroll of fog {unknown}
Potions
 d - 2 potions of stabbing {unknown}
Comestibles
 c - 4 removed foods
 f - a removed food


   Skills:
 + Level 3.7 Fighting
 + Level 3.0 Axes
 + Level 2.7 Armour
 + Level 2.0 Dodging


You had 2 spell levels left.
You didn't know any spells.
Your spell library was empty.

Dungeon Overview and Level Annotations

Branches:
Dungeon (1/15)

Altars:


Innate Abilities, Weirdness & Mutations

You are resistant to torment.
Your stone body is resilient. (AC +3)
You are immune to poison.
You resist negative energy. (rN+)
You are resistant to electric shocks. (rElec)
You can survive without breathing.
You are immune to petrification.
You are immune to rotting.


Message History

There is an open door here.
There is an open door here.
There is an open door here.
Done exploring.
Done exploring.
Quivering
i - 8 javelins for throwing.
You start putting on your armour.
You continue putting on your pair of gloves. x4
You finish putting on your +0 pair of gloves.
Saving game... please wait.
Welcome back, pTCGFNYNwU3Fd6TS the Gargoyle Berserker.
Trog says: Kill them all!
Press ? for a list of commands and other information.
Done exploring.
Saving game... please wait.
Welcome back, pTCGFNYNwU3Fd6TS the Gargoyle Berserker.
Trog says: Kill them all!
Press ? for a list of commands and other information.
Are you sure you want to abandon this character and quit the game? (Confirm with "yes".)

#..............# #......# #.
#..............######..>...####.
#...............................
#......#######..................
#......#######........######....
#............+........# #....
######.#######........######....
#######)#######........#.........
................@......#.........
.####........####.######.........
....'..........##.# #........#
.####..........##.######........#
.# #######....##......'........'
.# #....##.######........# .#
#....##.# #........# .# #....##.#
#........# .# #....##.#
#........#


There were no monsters in sight!

Vanquished Creatures
  A gnoll (D:1)
  3 dart slugs (D:1)
  A giant cockroach (D:1)
  3 hobgoblins (D:1)
  2 jackals (D:1)
  4 kobolds (D:1)
  A ball python (D:1)
  A frilled lizard (D:1)
  3 rats (D:1)
19 creatures vanquished.

Notes
Turn   | Place    | Note
-------+----------+-------------------------------------------
     0 | D:1      | pTCGFNYNwU3Fd6TS the Gargoyle Berserker began the quest for
                  | the Orb.
     0 | D:1      | Reached XP level 1. HP: 14/14 MP: 1/1
   121 | D:1      | Reached XP level 2. HP: 10/19 MP: 2/2
   535 | D:1      | Reached XP level 3. HP: 17/24 MP: 3/3
  1030 | D:1      | Upgraded the game from 0.25-a0-589-g1e14c549ee to
                  | 0.26-a0-639-g72c4674329
  1030 | D:1      | Quit the game

Illustrated notes

Levels and vault maps discovered:
D:1:      dpeg_arrival_simpleton_a, layout_basic

Skill      XL: |  1  2 |
---------------+-------+-----
Axes           | 3 |  3.0
Dodging        | 2 |  2.0
Fighting       | |  3.7
Armour         | |  2.7

Action                   || total
-------------------------++-------
Melee: Hand axe          ||    67
 Stab: Sleeping          ||     1
Armor: Animal skin       ||    12
Dodge: Dodged            ||    41

Table legend: (Time is in decaauts)
 A = Elapsed time spent in this place.
 B = Non-inter-level travel time spent in this place.
 C = Inter-level travel time spent in this place.
 D = Time resting spent in this place.
 E = Time spent auto-exploring this place.
 F = Levels seen in this place.
 G = Mean time per level.
                   A        B        C        D        E       F      G
               +--------+--------+--------+--------+--------+-----+--------+
         Total |   1040 |   1040 |      0 |    252 |    547 |   1 | 1040.0 |
       Dungeon |   1040 |   1040 |      0 |    252 |    547 |   1 | 1040.0 |
               +--------+--------+--------+--------+--------+-----+--------+
